 Dungeon Crawl Stone Soup version 0.31.0-9-g3a7656b989 (webtiles) character file.

Game seed: 2001879083340600210

298 SnakkuSnakku7 the Shooter (level 6, -1/43 HPs)
             Began as a Djinni Hunter on Jan 24, 2024.
             Was a Believer of Fedhas.
             Slain by a gnoll
             ... wielding a +0 halberd
              (12 damage)
             ... on level 4 of the Dungeon.
             The game lasted 00:03:17 (3129 turns).

SnakkuSnakku7 the Shooter (Djinni Hunter)           Turns: 3129, Time: 00:03:17

Health: -1/43      AC:  6    Str: 10    XL:     6   Next: 62%
Gold:   279        EV: 12    Int: 11    God:    Fedhas [**....] SH:  0 Dex: 18

rFire   + + .        a - +0 shortbow
rCold   x . .        (shield currently unavailable)
rNeg    . . .        c - +0 leather armour
rPois   ∞            w - +0 helmet
rElec   .            i - +0 cloak
rCorr   .            n - +0 pair of gloves
SInv    .            (boots unavailable)
Will    .....        (no amulet)
Stlth   ++           (no ring)
HPRegen 0.27/turn    (no ring)
MPRegen 0.00/turn

%: infuse magic (-2 HP)
@: flying
A: sickness immunity, fire resistance 2, cold vulnerability 1, float, innate
caster, HP casting, extra vitality 1
a: Renounce Religion, Wall of Briars


You were on level 4 of the Dungeon.
You worshipped Fedhas.
Fedhas was pleased with you.
You visited 1 branch of the dungeon, and saw 4 of its levels.

You collected 279 gold pieces.

Inventory:

Hand Weapons
 a - a +0 shortbow (weapon)
Armour
 c - a +0 leather armour (worn)
 i - a +0 cloak (worn)
 n - a +0 pair of gloves (worn)
 w - a +0 helmet (worn)
Wands
 r - a wand of mindburst (8)
 u - a wand of flame (20)
Scrolls
 d - a scroll of teleportation
 e - a scroll of amnesia {unknown}
 f - 2 scrolls of noise {unknown}
 j - 2 scrolls of identify {unknown}
 k - a scroll of vulnerability {unknown}
 l - 2 scrolls of fog {unknown}
 o - a scroll of revelation {unknown}
 p - 2 scrolls of blinking {unknown}
 q - a scroll of poison {unknown}
 t - 2 scrolls of enchant weapon {unknown}
 v - a scroll of immolation {unknown}
 x - a scroll of fear {unknown}
Potions
 b - 2 potions of heal wounds {unknown}
 g - 4 potions of lignification {unknown}
 h - 2 potions of attraction {unknown}
 m - 2 potions of curing {unknown}
 s - 2 potions of cancellation {unknown}


   Skills:
 - Level 2.0 Fighting
 + Level 6.2 Ranged Weapons
 - Level 2.1 Dodging
 - Level 0.7 Stealth


You knew the following spells:

 Your Spells              Type           Power      Damage    Failure   Level
a - Slow                  Hex            0%         N/A       43%         1
b - Searing Ray           Conj           0%         2d4       58%         2
Your spell library was empty.

Dungeon Overview and Level Annotations

Branches:
Dungeon (4/15)             Temple (0/1) D:4

Altars:
Fedhas
Xom
The Shining One


Innate Abilities, Weirdness & Mutations

You are immune to sickness and miasma.
You are immune to poison.
Your flesh is very heat resistant. (rF++)
You are vulnerable to cold. (rC-)
You float through the air rather than walking.
You learn spells naturally, not from books.
Your magical power is your life essence.
You have superior vitality. (+4 MHP)


Message History

A gnoll comes into view. It is wielding a +0 halberd.
There are monsters nearby!
You shoot an arrow. The arrow barely misses the gnoll. x2
The gnoll shouts!
You shoot an arrow. The arrow closely misses the gnoll. x2
A gnoll comes into view. It is wielding a +0 spear.
You shoot an arrow. The arrow closely misses the gnoll.
You shoot an arrow. The arrow closely misses the gnoll.
You shoot an arrow. The arrow hits the gnoll.
The gnoll is heavily wounded.
The gnoll closely misses you.
You shoot an arrow. The arrow hits the gnoll.
The gnoll is severely wounded.
The gnoll closely misses you. The gnoll hits you with a +0 club.
You shoot an arrow. The arrow barely misses the gnoll.
The arrow hits the gnoll.
The gnoll is moderately wounded.
The gnoll barely misses you. The gnoll hits you with a +0 club.
You shoot an arrow. The arrow hits the gnoll!
You kill the gnoll!
Fedhas appreciates your contribution to the ecosystem.
The gnoll hits you from afar with a +0 halberd!
You shoot an arrow. The arrow hits the gnoll.
The gnoll is severely wounded.
The gnoll barely misses you.
You shoot an arrow. The arrow closely misses the gnoll.
The gnoll hits you from afar with a +0 halberd.
The gnoll closely misses you.
You shoot an arrow. The arrow barely misses the gnoll.
The gnoll hits you from afar with a +0 halberd!
* * * LOW HITPOINT WARNING * * *
You are too injured to fight recklessly!
You are too injured to fight recklessly!
Fire: a) +0 shortbow
Press: ? - help, Q - select action, (/) - cycle Shift-Dir - straight line, f/p - gnoll
Aim: a gnoll, wielding a +0 halberd (severely wounded, 69% to hit)
You shoot an arrow. The arrow closely misses the gnoll.
The gnoll hits you from afar with a +0 halberd!
You die...
Fedhas appreciates your contribution to the ecosystem.

# ## ##########
#######.
##.g.g.g..#
#......#
g...###.##.######
#.#####. #
....(....g)@.#
#.# #.
.#......####.#
#.# ###. ##...#.#
#.###### #.# #...
#.###.##.#
#......# #.###.#.
#........#
######.# #.......
#####.#### #<#
#####.## # ##'##
#.# #.# # ##...##
#.# #.# #
##.....##
######.### #.##


You could see a gnoll.

Vanquished Creatures
  A scorpion (D:4)
  A hound (D:4)
  Terence (D:3)
  5 gnolls
  6 adders
  4 dart slugs
  5 ribbon worms
  A ball python (D:1)
  6 bats
  9 endoplasms
  A giant cockroach (D:1)
  4 goblins
  4 hobgoblins
  3 jackals (D:1)
  2 quokkas (D:1)
  7 frilled lizards
  9 kobolds
  7 rats
76 creatures vanquished.

Notes
Turn   | Place    | Note
-------+----------+-------------------------------------------
     0 | D:1      | SnakkuSnakku7 the Djinni Hunter began the quest for the
                  | Orb.
     0 | D:1      | Reached XP level 1. HP: 18/18 MP: 0/0
   144 | D:1      | Reached XP level 2. HP: 23/23 MP: 0/0
   303 | D:1      | Reached skill level 4 in Ranged Weapons
   303 | D:1      | Reached XP level 3. HP: 21/28 MP: 0/0
   303 | D:1      | Learned a level 1 spell: Slow
   806 | D:2      | Reached XP level 4. HP: 31/33 MP: 0/0
   873 | D:2      | Noticed a black bear
  1184 | D:3      | Found a faded altar of an unknown god.
  1192 | D:3      | Prayed at the altar of an unknown god.
  1192 | D:3      | Became a worshipper of Fedhas Madash
  1192 | D:3      | Reached * piety under Fedhas
  1452 | D:3      | Noticed Terence
  1463 | D:3      | Killed Terence
  1464 | D:3      | Reached XP level 5. HP: 37/38 MP: 0/0
  1464 | D:3      | Learned a level 2 spell: Searing Ray
  1466 | D:3      | Reached skill level 5 in Ranged Weapons
  2090 | D:2      | Reached ** piety under Fedhas
  2540 | D:4      | Reached XP level 6. HP: 36/43 MP: 0/0
  2572 | D:4      | Found a shimmering altar of Xom.
  2617 | D:4      | Reached skill level 6 in Ranged Weapons
  2943 | D:4      | Found a staircase to the Ecumenical Temple.
  2981 | D:4      | Found a glowing golden altar of the Shining One.
  3129 | D:4      | Slain by a gnoll

Illustrated notes

Levels and vault maps discovered:
D:1:      lightli_arrival_statue_moat, layout_loops_ring
D:2:      layout_loops_ring, minmay_fractal_squares_5
D:3:      layout_basic, shapermc_ecumenical_altar_notcrosses,
          chequers_serial_rivers_micro_d, st_stairs_13, uniq_terence
D:4:      layout_loops_corners, mainiacjoe_overflow_catwalk, marbit_many_paths,
          minmay_temple_entry_from_below_b

Skill      XL: |  1  2  3  4  5  6 |
---------------+-------------------+-----
Ranged Weapons | 4 5 6 |  6.2
Fighting       | |  2.0
Dodging        | |  2.1
Stealth        | |  0.7

Action                     |  1- 3 |  4- 6 || total
---------------------------+-------+-------++-------
   Fire: Shortbow          |    81 |   172 ||   253
    Use: Scroll            |       |     2 ||     2
 Armour: Leather armour    |    28 |    80 ||   108
  Dodge: Dodged            |    22 |    68 ||    90
